 Dungeon Crawl Stone Soup version 0.30-a0-297-g0ec75d9ef4 (webtiles) character file.

Game seed: 6348501405423384440

967 Kinoniko the Cleaver (level 7, -14/57 HPs)
             Began as a Minotaur Fighter on Oct 18, 2022.
             Demolished by an ogre
             ... wielding a +0 giant spiked club
              (17 damage)
             ... on level 5 of the Dungeon.
             The game lasted 00:03:26 (3261 turns).

Kinoniko the Cleaver (Minotaur Fighter)             Turns: 3261, Time: 00:03:27

Health: -14/57     AC: 13    Str: 20    XL:     7   Next: 93%
Magic:  6/6        EV:  5    Int:  5    God:
Gold:   183        SH:  5    Dex: 13    Spells: 6/6 levels left

rFire   + + +      SeeInvis .    a - +0 war axe
rCold   . . .      Faith    .    k - +0 buckler of Dice, Bag, and Bottle {rF+++ rCorr Str-2 Dex-3}
rNeg    . . .      Spirit   .    g - +0 plate armour
rPois   .          Reflect  .    (helmet restricted)
rElec   .          Harm     .    h - +0 cloak
rCorr   +          Rampage  .    (no gloves)
Will    .....                    j - +0 pair of boots
Stlth   ..........               (no amulet)
HPRegen 0.29/turn                l - +6 ring of dexterity
MPRegen 0.10/turn                (no ring)

@: no status effects
A: horns 2, retaliatory headbutt
a: no special abilities


You were on level 5 of the Dungeon.
You visited 1 branch of the dungeon, and saw 5 of its levels.

You collected 183 gold pieces.

Inventory:

Hand Weapons
 a - a +0 war axe (weapon)
Armour
 b - a +0 scale mail
 c - a +0 buckler
 g - a +0 plate armour (worn)
 h - a +0 cloak (worn)
 j - a +0 pair of boots (worn)
 k - the +0 buckler of Dice, Bag, and Bottle (worn) {rF+++ rCorr Str-2 Dex-3}
   (You found it on level 2 of the Dungeon)

   Str:       It affects your strength (-2).
   Dex:       It affects your dexterity (-3).
   rF:        It renders you almost immune to fire.
   rCorr:     It protects you from acid and corrosion.
Jewellery
 l - a +6 ring of dexterity (left hand)
Scrolls
 d - a scroll of identify
 n - a scroll of silence
 o - a scroll of enchant weapon
 q - a scroll of poison
 s - 2 scrolls of vulnerability
Potions
 e - 2 potions of heal wounds {unknown}
 f - 4 potions of brilliance
 i - a potion of magic {unknown}
 m - 2 potions of flight {unknown}
 p - 2 potions of lignification {unknown}
 r - a potion of attraction {unknown}
 t - a potion of cancellation {unknown}
 u - 2 potions of curing {unknown}


   Skills:
 - Level 3.6 Fighting
 * Level 11.1 Axes
 - Level 3.6 Armour
 - Level 3.6 Shields


You had 6 spell levels left.
You didn't know any spells.
Your spell library contained the following spells:

 Spells                   Type           Power      Damage    Failure   Level
 Cigotuvi's Dreadful Rot  Necr/Pois/Air  0%         N/A       100%        2
 Ensorcelled Hibernation  Hex/Ice        0%         N/A       100%        2
 Passwall                 Tmut/Erth      0%         N/A       100%        2
 Poisonous Vapours        Pois/Air       0%         N/A       100%        2
 Dazzling Flash           Conj/Hex       0%         N/A       100%        3
 Gell's Gravitas          Tloc           0%         N/A       100%        3
 Lesser Beckoning         Tloc           0%         N/A       100%        3
 Mephitic Cloud           Conj/Pois/Air  0%         N/A       100%        3
 Swiftness                Air            0%         N/A       100%        3
 Teleport Other           Tloc           0%         N/A       100%        3
 Iskenderun's Mystic Bla  Conj/Tloc      0%         2d3       100%        4
 Starburst                Conj/Fire      0%         6d3       100%        6


Dungeon Overview and Level Annotations

Branches:
Dungeon (5/15)             Temple (0/1) D:5

Altars:
Nemelex Xobeh

Shops:
D:2 :

Annotations:
D:3 3 runed translucent doors, Essalna's ghost, weakling OpTm


Innate Abilities, Weirdness & Mutations

You have a pair of horns on your head.
You reflexively headbutt those who attack you in melee.


Message History

The ogre hits you with a +0 giant spiked club!
The ogre barely misses you.
You are too injured to fight recklessly!
Unknown command.
You are too injured to fight recklessly!
You are too injured to fight recklessly!
Unknown command.
You hit the hound.
The hound is moderately wounded.
You hit the ogre. You slash the ogre!
The hound bites you but does no damage. x2
You slash the hound!
You kill the hound!
You completely miss the ogre. You closely miss the ogre.
The ogre hits you with a +0 giant spiked club!
* * * LOW HITPOINT WARNING * * *
You block the ogre's attack.
You are too injured to fight recklessly!
Unknown command.
You are too injured to fight recklessly!
You block the scorpion's attack.
The ogre hits you with a +0 giant spiked club.
* * * LOW HITPOINT WARNING * * *
You block the ogre's attack.
Unknown command.
You are too injured to fight recklessly!
You slash the ogre!
You kill the ogre!
You hit the ogre. You hit the scorpion. The scorpion barely misses you.
You furiously retaliate!
You headbutt the scorpion.
Your Axes skill increases to level 11!
Unknown command.
You are too injured to fight recklessly!
You are too injured to fight recklessly!
Unknown command.
You hit the ogre but do no damage.
The ogre is severely wounded.
You barely miss the scorpion.
The scorpion stings you but does no damage.
The ogre hits you with a +0 giant spiked club!
You die...

#####################
....................#
...................#
...................#
####.....####..#######
..####O....####..####.##
......s@)...#...........
............+<..........
............#.........†.
#.##..).:..###+####...##
# #...>.+###...###...##
..#$.$. ............
...#.... ............
....+..... ............
######.....#


You could see an ogre and a scorpion.

Vanquished Creatures
  Pikel (D:4)
  An ogre (D:5)
  2 lemures (D:4)
  A phantom (D:3)
  2 scorpions
  2 hounds
  A jelly (D:2)
  An iguana (D:4)
  An orc wizard (D:4)
  2 hound skeletons (D:3)
  2 adders
  An adder skeleton (D:3)
  2 worms
  A dart slug (D:5)
  8 orcs (D:4)
  4 ball pythons
  A bat (D:2)
  3 endoplasms
  8 goblins
  6 hobgoblins
  3 kobolds
  2 quokkas
  3 ball python zombies (D:3)
  3 frilled lizards
  A quokka zombie (D:3)
  6 rats
68 creatures vanquished.

Notes
Turn   | Place    | Note
-------+----------+-------------------------------------------
     0 | D:1      | Kinoniko the Minotaur Fighter began the quest for the Orb.
     0 | D:1      | Reached XP level 1. HP: 19/19 MP: 0/0
   119 | D:1      | Reached skill level 3 in Axes
   170 | D:1      | Reached XP level 2. HP: 22/26 MP: 1/1
   469 | D:2      | Found Jaoxuen's Book Emporium.
   553 | D:2      | Reached skill level 4 in Axes
   555 | D:2      | Identified the +0 buckler of Dice, Bag, and Bottle {rF+++
                  | rCorr Str-2 Dex-3}
   613 | D:2      | Reached skill level 5 in Axes
   613 | D:2      | Reached XP level 3. HP: 31/31 MP: 2/2
   741 | D:2      | Found a faded altar of an unknown god.
   898 | D:2      | Reached XP level 4. HP: 39/39 MP: 3/3
  1204 | D:3      | Noticed a phantom
  1211 | D:3      | Reached skill level 6 in Axes
  1218 | D:3      | Killed a phantom
  1219 | D:3      | Reached skill level 7 in Axes
  1219 | D:3      | Reached XP level 5. HP: 44/45 MP: 4/4
  1706 | D:3      | Noticed Essalna's ghost (weakling OpTm)
  1708 | D:3      | Found a runed translucent gate.
  1709 | D:3      | Found a runed translucent gate.
  1709 | D:3      | Found a runed translucent gate.
  1733 | D:3      | Found a faded altar of an unknown god.
  1737 | D:3      | Found a sparkling altar of Nemelex Xobeh.
  2140 | D:4      | Reached XP level 6. HP: 51/51 MP: 5/5
  2320 | D:4      | Noticed Pikel
  2413 | D:4      | Killed Pikel
  2414 | D:4      | Reached skill level 10 in Axes
  2414 | D:4      | Reached XP level 7. HP: 42/57 MP: 6/6
  3172 | D:5      | Entered Level 5 of the Dungeon
  3250 | D:5      | Found a staircase to the Ecumenical Temple.
  3259 | D:5      | HP: 2/57 [ogre/+0 giant spiked club (3)]
  3261 | D:5      | Reached skill level 11 in Axes
  3261 | D:5      | Demolished by an ogre

Illustrated notes

Levels and vault maps discovered:
D:1:      ncdulo_watergridlock, layout_rooms
D:2:      layout_basic, serial_shops, shop, shapermc_ecumenical_altar_hornbeckon
D:3:      layout_basic, nicolae_overflow_ecumenical_swirl,
          gammafunk_ghost_nasty_kobolds, serial_undead, serial_undead_b,
          serial_undead_d, serial_undead_d, serial_undead_f,
          chequers_serial_rivers_micro_e, dk_noncrumbling_2
D:4:      layout_loops_ring, serial_co_window_serial,
          co_window_of_opportunity_a, co_window_cross_1, co_window_paths_a,
          co_window_paths_b, co_window_corner_a, co_window_of_opportunity_a,
          co_window_of_opportunity_a, co_window_broadway_b, co_window_paths_c,
          co_window_broadway_b, co_window_broadway_a, co_window_paths_c,
          co_window_corner_b, co_window_of_opportunity_c, glass_columns_c,
          glass_columns_a, glass_columns_a, glass_columns_c, minmay_hedge_maze,
          uniq_pikel
D:5:      layout_gridville, nicolae_ru_path_of_blood,
          minmay_temple_entry_offerings

Skill      XL: |  1  2  3  4  5  6  7 |
---------------+----------------------+-----
Axes           | 3 5 7 10 11 | 11.1
Fighting       | |  3.6
Armour         | |  3.6
Shields        | |  3.6

Action                   |  1- 3 |  4- 6 |  7- 9 || total
-------------------------+-------+-------+-------++-------
Melee: War axe           |    64 |    83 |    36 ||   183
       Headbutt          |     5 |    18 |    11 ||    34
  Use: Scroll            |       |     7 |     3 ||    10
       Potion            |       |     1 |       ||     1
Armor: Plate armour      |    38 |    62 |    15 ||   115
       Scale mail        |     1 |       |       ||     1
Dodge: Dodged            |    13 |    23 |     8 ||    44
Block: Buckler           |    12 |    15 |     9 ||    36

Table legend: (Time is in decaauts)
 A = Elapsed time spent in this place.
 B = Non-inter-level travel time spent in this place.
 C = Inter-level travel time spent in this place.
 D = Time resting spent in this place.
 E = Time spent auto-exploring this place.
 F = Levels seen in this place.
 G = Mean time per level.
                   A        B        C        D        E       F      G
               +--------+--------+--------+--------+--------+-----+--------+
         Total |   3309 |   3160 |    149 |      6 |   2636 |   5 |  661.8 |
       Dungeon |   3309 |   3160 |    149 |      6 |   2636 |   5 |  661.8 |
               +--------+--------+--------+--------+--------+-----+--------+

Top non-repeatable levels by time:
     D:4: 1192 daAuts
     D:3: 835 daAuts
     D:2: 709 daAuts
     D:1: 483 daAuts
     D:5: 89 daAuts
